 Dungeon Crawl Stone Soup version 0.27.1-2-g3b301248ec (webtiles) character file.

Game seed: 12967621922029059513

168 MisterFreud the Shield-Bearer (level 5, -1/47 HPs)
             Began as a Gnoll Fighter on Sept 28, 2021.
             Was a Follower of Kikubaaqudgha.
             Slain by Grinder (6 damage)
             ... on level 4 of the Dungeon.
             The game lasted 00:03:13 (3346 turns).

MisterFreud the Shield-Bearer (Gnoll Fighter)       Turns: 3346, Time: 00:03:14

Health: -1/47      AC:  7    Str: 15    XL:     5   Next: 49%
Magic:  7/7        EV: 12    Int:  8    God:    Kikubaaqudgha [*.....]
Gold:   111        SH: 10    Dex: 12    Spells: 7/7 levels left

rFire    . . .     SeeInvis .   k - +1 short sword (flame)
rCold    . . .     Faith    .   c - +0 kite shield
rNeg     . . .     Spirit   .   b - +0 scale mail
rPois    +         Reflect  .   (no helmet)
rElec    .         Harm     .   (no cloak)
rCorr    .         Rampage  .   (no gloves)
Will     .....                  (no boots)
Stlth    ..........             (no amulet)
HPRegen  0.15/turn              p - ring of poison resistance
MPRegen  0.10/turn              q - +4 ring of evasion

@: mighty
A: fangs 1, strong nose, distributed training
a: Renounce Religion, Receive Corpses


You were on level 4 of the Dungeon.
You worshipped Kikubaaqudgha.
Kikubaaqudgha was aware of your devotion.
You visited 1 branch of the dungeon, and saw 4 of its levels.

You collected 141 gold pieces.
You spent 30 gold pieces at shops.

Inventory:

Hand Weapons
 a - a +0 rapier
 k - a +1 short sword of flaming (weapon)
Missiles
 e - 12 poisoned darts (quivered)
Armour
 b - a +0 scale mail (worn)
 c - a +0 kite shield (worn)
Jewellery
 p - a ring of poison resistance (left hand)
 q - a +4 ring of evasion (right hand)
Wands
 l - a wand of flame (19)
Scrolls
 g - 3 scrolls of identify {unknown}
 h - 2 scrolls of vulnerability {unknown}
 i - 2 scrolls of teleportation
 j - a scroll of fog {unknown}
 m - a scroll of noise {unknown}
 o - a scroll of enchant weapon {unknown}
 s - a scroll of immolation {unknown}
Potions
 f - a potion of curing {unknown}
 n - a potion of cancellation {unknown}
 r - a potion of invisibility {unknown}


   Skills:
 + Level 6.7 Fighting
 + Level 4.8 Short Blades
 + Level 1.5 Long Blades
 + Level 1.5 Axes
 + Level 1.5 Maces & Flails
 + Level 1.5 Polearms
 + Level 1.5 Staves
 + Level 1.5 Slings
 + Level 1.5 Bows
 + Level 1.5 Crossbows
 + Level 1.5 Throwing
 + Level 6.7 Armour
 + Level 1.5 Dodging
 + Level 1.5 Stealth
 + Level 6.7 Shields
 + Level 1.5 Unarmed Combat
 + Level 1.5 Spellcasting
 + Level 1.2 Conjurations
 + Level 1.2 Hexes
 + Level 1.2 Summonings
 + Level 1.2 Necromancy
 + Level 1.2 Translocations
 + Level 1.2 Transmutations
 + Level 1.2 Fire Magic
 + Level 1.2 Ice Magic
 + Level 1.2 Air Magic
 + Level 1.2 Earth Magic
 + Level 1.2 Poison Magic
 + Level 1.7 Invocations
 + Level 1.5 Evocations


You had 7 spell levels left.
You didn't know any spells.
Your spell library contained the following spells:

 Spells                   Type           Power      Damage    Failure   Level
 Animate Skeleton         Necr           4%         N/A       92%         1
 Pain                     Necr           8%         1d4       92%         1
 Sublimation of Blood     Necr           1%         N/A       98%         2
 Vampiric Draining        Necr           1%         2d6       100%        3


Dungeon Overview and Level Annotations

Branches:
Dungeon (4/15)
 Temple: D:4-7

Altars:
Kikubaaqudgha
Makhleb

Shops:
D:1 ?

Annotations:
D:4 Grinder


Innate Abilities, Weirdness & Mutations

You have very sharp teeth.
Your uncanny sense of smell can sniff out nearby items.
Your experience applies equally to all skills.


Message History

No target in view!
There is a stone staircase leading down here.
Found a chain mail.
Grinder comes into view.
Grinder shouts!
Grinder blinks!
Grinder moves out of view.
No target in view!
You closely miss Grinder.
Grinder says, "At least Makhleb appreciates what I'm doing."
Grinder gestures at you.
You suddenly lose the ability to move!
Grinder hits you but does no damage. Grinder hits you.
You writhe in agony.
Grinder hits you but does no damage.
You can move again.
Unknown command.
Okay, then.
You feel very mighty all of a sudden. Grinder barely misses you.
You closely miss Grinder. Your bite misses Grinder. Grinder hits you.
You writhe in agony.
You closely miss Grinder. Grinder hits you!
You writhe in agony.
You closely miss Grinder. Grinder hits you.
You writhe in agony.
You puncture Grinder! You burn Grinder.
Grinder is moderately wounded.
Grinder hits you.
You writhe in agony.
* * * LOW HITPOINT WARNING * * *
You puncture Grinder! You burn Grinder.
Grinder is heavily wounded.
Grinder misses you.
You closely miss Grinder.
Grinder is heavily wounded.
You block Grinder's attack.
You hit Grinder. You burn Grinder.
Grinder is severely wounded.
Grinder hits you!
* * * LOW HITPOINT WARNING * * *
You writhe in agony.
You die...
Kikubaaqudgha rasps: "You have failed me!
Welcome... death!"

###.....####.........
#.....# #.........
#.....# #.........
#############.........
#.....................
#.......#####.........
#.......# #.....<..<
########.## #.........
#.....5@.# #.........
#........# #........
#........# #[.......
########.. .........
####


You could see Grinder.

Vanquished Creatures
  Natasha (thrice) (D:2)
  A hound zombie (D:3)
  2 adders (D:4)
  A worm (D:2)
  A dart slug (D:2)
  8 bats
  2 endoplasms
  4 giant cockroaches
  5 goblins
  11 hobgoblins
  6 kobolds
  A quokka (D:4)
  4 ball pythons
  3 frilled lizards
  4 rats
56 creatures vanquished.

Vanquished Creatures (others)
  8 plants
8 creatures vanquished.

Grand Total: 64 creatures vanquished

Notes
Turn   | Place    | Note
-------+----------+-------------------------------------------
     0 | D:1      | MisterFreud the Gnoll Fighter began the quest for the Orb.
     0 | D:1      | Reached XP level 1. HP: 23/23 MP: 1/1
    69 | D:1      | Found Ybbaoc's Magic Scroll Boutique.
   129 | D:1      | Reached XP level 2. HP: 29/29 MP: 2/2
   618 | D:1      | Bought a scroll of teleportation for 30 gold pieces
   915 | D:2      | Reached XP level 3. HP: 25/35 MP: 3/3
  1104 | D:2      | Noticed Natasha
  1121 | D:2      | Killed Natasha
  1122 | D:2      | Reached skill level 1 in Long Blades
  1122 | D:2      | Reached skill level 1 in Axes
  1122 | D:2      | Reached skill level 1 in Maces & Flails
  1122 | D:2      | Reached skill level 1 in Polearms
  1122 | D:2      | Reached skill level 1 in Staves
  1122 | D:2      | Reached skill level 1 in Slings
  1122 | D:2      | Reached skill level 1 in Bows
  1122 | D:2      | Reached skill level 1 in Crossbows
  1122 | D:2      | Reached skill level 1 in Throwing
  1122 | D:2      | Reached skill level 1 in Dodging
  1122 | D:2      | Reached skill level 1 in Stealth
  1122 | D:2      | Reached skill level 1 in Unarmed Combat
  1122 | D:2      | Reached skill level 1 in Spellcasting
  1122 | D:2      | Reached skill level 1 in Invocations
  1122 | D:2      | Reached skill level 1 in Evocations
  1400 | D:2      | Noticed Natasha
  1405 | D:2      | Reached XP level 4. HP: 32/41 MP: 5/5
  1416 | D:2      | Killed Natasha
  1574 | D:2      | Noticed Natasha
  1584 | D:2      | Killed Natasha
  1585 | D:2      | Reached skill level 1 in Conjurations
  1585 | D:2      | Reached skill level 1 in Hexes
  1585 | D:2      | Reached skill level 1 in Summonings
  1585 | D:2      | Reached skill level 1 in Necromancy
  1585 | D:2      | Reached skill level 1 in Translocations
  1585 | D:2      | Reached skill level 1 in Transmutations
  1585 | D:2      | Reached skill level 1 in Fire Magic
  1585 | D:2      | Reached skill level 1 in Ice Magic
  1585 | D:2      | Reached skill level 1 in Air Magic
  1585 | D:2      | Reached skill level 1 in Earth Magic
  1585 | D:2      | Reached skill level 1 in Poison Magic
  1848 | D:2      | Found a faded altar of an unknown god.
  1853 | D:2      | Reached XP level 5. HP: 44/47 MP: 6/6
  1859 | D:2      | Became a worshipper of Kikubaaqudgha
  1859 | D:2      | Reached * piety under Kikubaaqudgha
  1859 | D:2      | Received a gift from Kikubaaqudgha
  2634 | D:3      | Found a burning altar of Makhleb.
  2634 | D:3      | Noticed an Executioner
  3329 | D:4      | Noticed Grinder
  3335 | D:4      | Paralysed by Grinder for 4 turns
  3346 | D:4      | Slain by Grinder

Illustrated notes

Levels and vault maps discovered:
D:1:      shiori_arrival_whats_in_store_for_you, layout_basic, serial_shops,
          nicolae_shop_waterfront, serial_forest, infiniplex_forest_clump_small,
          infiniplex_forest_straight_2, infiniplex_forest_lined_corner,
          infiniplex_forest_lined_3, infiniplex_forest_clump_curved,
          infiniplex_forest_straight_3, infiniplex_forest_clump_C,
          infiniplex_forest_straight_3, infiniplex_forest_clump_large,
          lemuel_flame_loot_1
D:2:      layout_loops_ring, ebering_ecumenical_altar_rust, uniq_natasha
D:3:      layout_basic, makhleb_altar_promises_db, serial_bayou_lagoon_a,
          minivault_5
D:4:      kennysheep_the_goblin_king, layout_basic, uniq_grinder,
          uniq_blork_the_orc

Skill      XL: |  1  2  3  4 |
---------------+-------------+-----
Long Blades    | 1 |  1.5
Axes           | 1 |  1.5
Maces & Flails | 1 |  1.5
Polearms       | 1 |  1.5
Staves         | 1 |  1.5
Slings         | 1 |  1.5
Bows           | 1 |  1.5
Crossbows      | 1 |  1.5
Throwing       | 1 |  1.5
Dodging        | 1 |  1.5
Stealth        | 1 |  1.5
Unarmed Combat | 1 |  1.5
Spellcasting   | 1 |  1.5
Invocations    | 1 |  1.7
Evocations     | 1 |  1.5
Conjurations   | 1 |  1.2
Hexes          | 1 |  1.2
Summonings     | 1 |  1.2
Necromancy     | 1 |  1.2
Translocations | 1 |  1.2
Transmutations | 1 |  1.2
Fire Magic     | 1 |  1.2
Ice Magic      | 1 |  1.2
Air Magic      | 1 |  1.2
Earth Magic    | 1 |  1.2
Poison Magic   | 1 |  1.2
Fighting       | |  6.7
Short Blades   | |  4.8
Armour         | |  6.7
Shields        | |  6.7

Action                   |  1- 3 |  4- 6 || total
-------------------------+-------+-------++-------
Melee: Rapier            |    77 |       ||    77
       Bite              |     9 |     5 ||    14
       Short sword       |     7 |   116 ||   123
  Use: Potion            |       |     1 ||     1
Armor: Scale mail        |    21 |    43 ||    64
Dodge: Dodged            |    16 |    39 ||    55
Block: Kite shield       |    27 |    55 ||    82
